| TOP OF THE 1ST |
|
Hudson Valley Renegades batting - Pitching for Connecticut Tigers : RHP Andy Miller
|
|
Pitching: RHP Andy Miller
|
|
|
Batting: RHB Orlando Herrera
|
0-0: Ball 1-0: Ball 2-0: Called Strike 2-1: Foul Ball, location: 2LF, Error on foul ball, E2 2-2: Strikes out swinging
|
|
Batting: RHB Jesus Baires
|
0-0: Called Strike 0-1: Fly out, F8 (Flyball, 89S, EV 96.9 MPH)
|
|
Batting: SHB Suljo Dokic
|
0-0: Swinging Strike 0-1: Ball 1-1: Foul Ball, location: 2F 1-2: Strikes out swinging
|
| Top of the 1st over - 0 runs, 0 hits, 1 error, 0 left on base; Hudson Valley 0 - Connecticut 0 |
| BOTTOM OF THE 1ST |
|
Connecticut Tigers batting - Pitching for Hudson Valley Renegades : RHP Kevin Stewart
|
|
Pitching: RHP Kevin Stewart
|
|
|
Batting: RHB Mike Sebastian
|
0-0: Ball 1-0: Ball 2-0: Ball 3-0: Base on Balls
|
|
Batting: SHB Adam Weber
|
0-0: Ball 1-0: Ball 2-0: Ball Mike Sebastian steals 2nd base 3-0: Base on Balls
|
|
Batting: RHB John Evancho
|
0-0: Ball 1-0: Called Strike 1-1: Ball 2-1: Ball 3-1: Foul Ball, location: 2F 3-2: Fly out, F7 (Flyball, 7, EV 93.1 MPH)
|
|
Batting: RHB Eric Angelle
|
0-0: Called Strike 0-1: Ball 1-1: Fly out, F9 (Flyball, 9, EV 86.2 MPH)
|
|
Batting: RHB Tommy McDonald
|
0-0: Ball 1-0: Ground out 5-3 (Groundball, 56S, EV 90.0 MPH)
|
| Bottom of the 1st over - 0 runs, 0 hits, 0 errors, 2 left on base; Hudson Valley 0 - Connecticut 0 |
| TOP OF THE 2ND |
|
Hudson Valley Renegades batting - Pitching for Connecticut Tigers : RHP Andy Miller
|
|
Batting: LHB Isaac Bamberg
|
0-0: Ball 1-0: Called Strike 1-1: Ball 2-1: Ground out 4-3 (Groundball, 34D, EV 99.4 MPH)
|
|
Batting: RHB Azedine Kirui
|
0-0: Ball 1-0: Ball 2-0: Ball 3-0: Called Strike 3-1: Foul Ball, location: 2F 3-2: Base on Balls
|
|
Batting: LHB Killian Chaumont
|
0-0: Ball 1-0: Ball 2-0: Called Strike 2-1: Foul Ball, location: 2F 2-2: Ball 3-2: Strikes out swinging
|
|
Batting: RHB Chris Glavin
|
0-0: Foul Ball, location: 2F 0-1: Fielders Choice at 2nd, 6-4 (Groundball, 6, EV 83.8 MPH)
|
| Top of the 2nd over - 0 runs, 0 hits, 0 errors, 1 left on base; Hudson Valley 0 - Connecticut 0 |
| BOTTOM OF THE 2ND |
|
Connecticut Tigers batting - Pitching for Hudson Valley Renegades : RHP Kevin Stewart
|
|
Batting: RHB Keith Hoffman
|
0-0: Ball 1-0: Foul Ball, location: 2F 1-1: Swinging Strike 1-2: Ball 2-2: SINGLE (Groundball, 6MD, EV 109.4 MPH)
|
|
Batting: LHB Miguel Bojorquez
|
0-0: Ball 1-0: Swinging Strike Passed Ball! Keith Hoffman to second 1-1: Ball 2-1: Foul Ball, location: 2F 2-2: Strikes out looking
|
|
Batting: RHB Billy Verdusco
|
0-0: Ground out 4-3 (Groundball, 4, EV 88.8 MPH) Keith Hoffman to third
|
|
Batting: RHB Jeremy Guidone
|
0-0: Called Strike 0-1: Swinging Strike 0-2: Strikes out looking
|
| Bottom of the 2nd over - 0 runs, 1 hit, 0 errors, 1 left on base; Hudson Valley 0 - Connecticut 0 |
| TOP OF THE 3RD |
|
Hudson Valley Renegades batting - Pitching for Connecticut Tigers : RHP Andy Miller
|
|
Batting: RHB Jose Bengochea
|
0-0: Ball 1-0: Ground out 4-3 (Groundball, 4M, EV 80.0 MPH)
|
|
Batting: SHB Tirta Subandrio
|
0-0: Ground out 5-3 (Groundball, 5, EV 85.0 MPH)
|
|
Batting: RHB Orlando Herrera
|
0-0: Ball 1-0: Called Strike 1-1: Ball 2-1: Ball 3-1: Swinging Strike 3-2: Strikes out swinging
|
| Top of the 3rd over - 0 runs, 0 hits, 0 errors, 0 left on base; Hudson Valley 0 - Connecticut 0 |
| BOTTOM OF THE 3RD |
|
Connecticut Tigers batting - Pitching for Hudson Valley Renegades : RHP Kevin Stewart
|
|
Batting: RHB Mike Sebastian
|
0-0: Ball 1-0: Called Strike 1-1: Fly out, F6 (Popup, 4M, EV 56.9 MPH)
|
|
Batting: SHB Adam Weber
|
0-0: Ball 1-0: Ball 2-0: Ball 3-0: Base on Balls
|
|
Batting: RHB John Evancho
|
0-0: Called Strike 0-1: Ball 1-1: Ball 2-1: Grounds into double play, 3-6-3 (Groundball, 34S, EV 87.5 MPH)
|
| Bottom of the 3rd over - 0 runs, 0 hits, 0 errors, 0 left on base; Hudson Valley 0 - Connecticut 0 |
| TOP OF THE 4TH |
|
Hudson Valley Renegades batting - Pitching for Connecticut Tigers : RHP Andy Miller
|
|
Batting: RHB Jesus Baires
|
0-0: DOUBLE (Flyball, 78D, EV 100.6 MPH)
|
|
Batting: SHB Suljo Dokic
|
0-0: Swinging Strike 0-1: Ball Wild Pitch! Jesus Baires to third 1-1: Ball 2-1: Ball 3-1: Fly out, F5 (Flyball, 5D, EV 93.1 MPH)
|
|
Batting: LHB Isaac Bamberg
|
0-0: Foul Ball, location: 2F 0-1: Ball 1-1: Foul Ball, location: 2F 1-2: Ball Passed Ball! Jesus Baires scores 2-2: Ball 3-2: Strikes out swinging
|
|
Batting: RHB Azedine Kirui
|
0-0: Called Strike 0-1: Called Strike 0-2: Foul Ball, location: 2F 0-2: Foul Ball, location: 2F 0-2: Strikes out swinging
|
| Top of the 4th over - 1 run, 1 hit, 0 errors, 0 left on base; Hudson Valley 1 - Connecticut 0 |
| BOTTOM OF THE 4TH |
|
Connecticut Tigers batting - Pitching for Hudson Valley Renegades : RHP Kevin Stewart
|
|
Batting: RHB Eric Angelle
|
0-0: Called Strike 0-1: Ball 1-1: SINGLE (Groundball, 56D, EV 95.6 MPH)
|
|
Batting: RHB Tommy McDonald
|
0-0: Swinging Strike 0-1: Called Strike 0-2: Ball 1-2: Strikes out looking
|
|
Batting: RHB Keith Hoffman
|
0-0: Ball 1-0: Called Strike Eric Angelle steals 2nd base 1-1: Ball 2-1: Ground out 4-3 (Groundball, 4, EV 76.2 MPH) Eric Angelle to third
|
|
Batting: LHB Miguel Bojorquez
|
0-0: Ball 1-0: Swinging Strike 1-1: Ground out 5-3 (Groundball, 56, EV 109.4 MPH)
|
| Bottom of the 4th over - 0 runs, 1 hit, 0 errors, 1 left on base; Hudson Valley 1 - Connecticut 0 |
| TOP OF THE 5TH |
|
Hudson Valley Renegades batting - Pitching for Connecticut Tigers : RHP Andy Miller
|
|
Batting: LHB Killian Chaumont
|
0-0: Called Strike 0-1: Ground out U3 (Groundball, 3, EV 96.9 MPH)
|
|
Batting: RHB Chris Glavin
|
0-0: Ball 1-0: Called Strike 1-1: Foul Ball, location: 2F 1-2: Ground out 5-3 (Groundball, 5, EV 100.6 MPH)
|
|
Batting: RHB Jose Bengochea
|
0-0: Called Strike 0-1: Ball 1-1: Reached on error, E6 (Flyball, 56D, EV 88.1 MPH)
|
|
Batting: SHB Tirta Subandrio
|
0-0: Fly out, F8 (Flyball, 8RD, EV 89.4 MPH)
|
| Top of the 5th over - 0 runs, 0 hits, 1 error, 1 left on base; Hudson Valley 1 - Connecticut 0 |
| BOTTOM OF THE 5TH |
|
Connecticut Tigers batting - Pitching for Hudson Valley Renegades : RHP Kevin Stewart
|
|
Batting: RHB Billy Verdusco
|
0-0: Ball 1-0: Called Strike 1-1: Ball 2-1: Foul Ball, location: 2F 2-2: Ball 3-2: Base on Balls
|
|
Batting: RHB Jeremy Guidone
|
0-0: Ball 1-0: Foul Ball, location: 2F 1-1: Swinging Strike 1-2: Ground out 5-3 (Groundball, 56S, EV 69.4 MPH) Billy Verdusco to second
|
|
Batting: RHB Mike Sebastian
|
0-0: Ball 1-0: DOUBLE (Flyball, 8RD, EV 82.5 MPH) Billy Verdusco scores
|
|
Batting: SHB Adam Weber
|
0-0: Ball 1-0: Swinging Strike 1-1: Foul Ball, location: 2F 1-2: Ball 2-2: Ball 3-2: Foul Ball, location: 2F 3-2: Strikes out swinging
|
|
Batting: RHB John Evancho
|
0-0: Swinging Strike 0-1: Ball 1-1: Fly out, F7 (Flyball, 7, EV 91.9 MPH)
|
| Bottom of the 5th over - 1 run, 1 hit, 0 errors, 1 left on base; Hudson Valley 1 - Connecticut 1 |
| TOP OF THE 6TH |
|
Hudson Valley Renegades batting - Pitching for Connecticut Tigers : RHP Andy Miller
|
|
Batting: RHB Orlando Herrera
|
0-0: Ball 1-0: Called Strike 1-1: Swinging Strike 1-2: Ball 2-2: Ball 3-2: Foul Ball, location: 2F 3-2: Reached on error, E3 (Groundball, 13, EV 88.1 MPH)
|
|
Batting: RHB Jesus Baires
|
0-0: Called Strike Orlando Herrera steals 3rd base 0-1: Foul Ball, location: 2F 0-2: Foul Ball, location: 2F 0-2: Fly out, F8 (Flyball, 8RS, EV 89.4 MPH)
|
|
Pitching: RHP Vic Flores
|
|
|
Batting: SHB Suljo Dokic
|
0-0: Fly out, F8 (Flyball, 8LXD, EV 96.9 MPH) Runner from 3rd tags up, SCORES, no throw by CF
|
|
Batting: LHB Isaac Bamberg
|
0-0: Swinging Strike 0-1: Foul Ball, location: 2F 0-2: Ball 1-2: Foul Ball, location: 2F 1-2: Strikes out swinging
|
| Top of the 6th over - 1 run, 0 hits, 1 error, 0 left on base; Hudson Valley 2 - Connecticut 1 |
| BOTTOM OF THE 6TH |
|
Connecticut Tigers batting - Pitching for Hudson Valley Renegades : RHP Kevin Stewart
|
|
Batting: RHB Eric Angelle
|
0-0: Called Strike 0-1: Called Strike 0-2: Ball 1-2: Foul Ball, location: 2F 1-2: Ball 2-2: Ball 3-2: Ground out 4-3 (Groundball, 4, EV 105.6 MPH)
|
|
Pitching: RHP Chris Marino
|
|
|
Batting: RHB Tommy McDonald
|
0-0: Ball 1-0: Called Strike 1-1: Foul Ball, location: 2F 1-2: Strikes out swinging
|
|
Batting: RHB Keith Hoffman
|
0-0: Ball 1-0: Called Strike 1-1: Ball 2-1: Fly out, F4 (Popup, 4S, EV 68.1 MPH)
|
| Bottom of the 6th over - 0 runs, 0 hits, 0 errors, 0 left on base; Hudson Valley 2 - Connecticut 1 |
| TOP OF THE 7TH |
|
Hudson Valley Renegades batting - Pitching for Connecticut Tigers : RHP Vic Flores
|
|
Batting: RHB Azedine Kirui
|
0-0: Foul Ball, location: 2F 0-1: DOUBLE (Flyball, 89D, EV 96.2 MPH)
|
|
Batting: LHB Killian Chaumont
|
0-0: Foul Ball, location: 2F 0-1: Foul Ball, location: 2F 0-2: Ground out U3 (Groundball, 3, EV 103.1 MPH) Azedine Kirui to third
|
|
Batting: RHB Chris Glavin
|
0-0: Ball 1-0: TRIPLE (Flyball, 89XD, EV 105.0 MPH) Azedine Kirui scores
|
|
Batting: RHB Jose Bengochea
|
0-0: Swinging Strike 0-1: Ball 1-1: Foul Ball, location: 2F 1-2: Strikes out looking
|
|
Batting: SHB Tirta Subandrio
|
0-0: DOUBLE (Line Drive, 78D, EV 103.8 MPH) Chris Glavin scores
|
|
Batting: RHB Orlando Herrera
|
0-0: Called Strike 0-1: Foul Ball, location: 2F 0-2: Ball 1-2: Ball 2-2: Foul Ball, location: 2F 2-2: Strikes out looking
|
| Top of the 7th over - 2 runs, 3 hits, 0 errors, 1 left on base; Hudson Valley 4 - Connecticut 1 |
| BOTTOM OF THE 7TH |
|
Connecticut Tigers batting - Pitching for Hudson Valley Renegades : RHP Chris Marino
|
|
Now in LF: Jesus Baires
|
|
|
Now in CF: Dan Hunt
|
|
|
Batting: LHB Miguel Bojorquez
|
0-0: Ball 1-0: Ball 2-0: Ball 3-0: Called Strike 3-1: Called Strike 3-2: SINGLE (Groundball, 34, EV 105.6 MPH)
|
|
Batting: RHB Billy Verdusco
|
0-0: Ball 1-0: Called Strike 1-1: Foul Ball, location: 2F 1-2: Ball 2-2: Ball 3-2: Strikes out swinging
|
|
Batting: RHB Jeremy Guidone
|
0-0: Called Strike 0-1: Fly out, F5 (Flyball, 5D, EV 87.5 MPH)
|
|
Batting: RHB Mike Sebastian
|
0-0: Ball 1-0: Ball 2-0: Called Strike 2-1: Foul Ball, location: 2F 2-2: Ball 3-2: Foul Ball, location: 2F 3-2: Strikes out swinging
|
| Bottom of the 7th over - 0 runs, 1 hit, 0 errors, 1 left on base; Hudson Valley 4 - Connecticut 1 |
| TOP OF THE 8TH |
|
Hudson Valley Renegades batting - Pitching for Connecticut Tigers : RHP Vic Flores
|
|
Pitching: RHP Justin Packard
|
|
|
Batting: RHB Jesus Baires
|
0-0: Ball 1-0: Called Strike 1-1: Ball 2-1: Ground out 4-3 (Groundball, 4, EV 88.1 MPH)
|
|
Batting: SHB Suljo Dokic
|
0-0: Swinging Strike 0-1: Swinging Strike 0-2: Foul Ball, location: 2F 0-2: Foul Ball, location: 2F 0-2: Ball 1-2: Strikes out looking
|
|
Batting: LHB Dan Hunt
|
0-0: Fly out, F5 (Flyball, 5D, EV 89.4 MPH)
|
| Top of the 8th over - 0 runs, 0 hits, 0 errors, 0 left on base; Hudson Valley 4 - Connecticut 1 |
| BOTTOM OF THE 8TH |
|
Connecticut Tigers batting - Pitching for Hudson Valley Renegades : RHP Chris Marino
|
|
Pitching: RHP Josh McMahan
|
|
|
Batting: SHB Adam Weber
|
0-0: Called Strike 0-1: Ball 1-1: Foul Ball, location: 2F 1-2: Foul Ball, location: 2F 1-2: Ball 2-2: Fly out, F8 (Flyball, 8RXD, EV 94.4 MPH)
|
|
Batting: RHB John Evancho
|
0-0: Swinging Strike 0-1: Swinging Strike 0-2: Foul Ball, location: 2F 0-2: Strikes out swinging
|
|
Batting: RHB Eric Angelle
|
0-0: Foul Ball, location: 2F 0-1: Swinging Strike 0-2: Ball 1-2: Ball 2-2: Ball 3-2: Foul Ball, location: 2F 3-2: Base on Balls
|
|
Batting: RHB Tommy McDonald
|
0-0: Ball 1-0: Called Strike 1-1: Called Strike 1-2: Foul Ball, location: 2F 1-2: Ball 2-2: Fly out, F4 (Flyball, 3D, EV 83.1 MPH)
|
| Bottom of the 8th over - 0 runs, 0 hits, 0 errors, 1 left on base; Hudson Valley 4 - Connecticut 1 |
| TOP OF THE 9TH |
|
Hudson Valley Renegades batting - Pitching for Connecticut Tigers : RHP Justin Packard
|
|
Pitching: RHP Eddie Hodgson
|
|
|
Batting: RHB Azedine Kirui
|
0-0: Foul Ball, location: 2F 0-1: Foul Ball, location: 2F 0-2: Ball 1-2: Ball 2-2: Foul Ball, location: 2F 2-2: Fly out, F4 (Popup, 4D, EV 64.4 MPH)
|
|
Batting: LHB Killian Chaumont
|
0-0: Foul Ball, location: 2F 0-1: Called Strike 0-2: Ball 1-2: Foul Ball, location: 2F 1-2: Fly out, F7 (Flyball, 7LM, EV 88.8 MPH)
|
|
Batting: RHB Chris Glavin
|
0-0: Fly out, F9 (Line Drive, 9, EV 90.6 MPH)
|
| Top of the 9th over - 0 runs, 0 hits, 0 errors, 0 left on base; Hudson Valley 4 - Connecticut 1 |
| BOTTOM OF THE 9TH |
|
Connecticut Tigers batting - Pitching for Hudson Valley Renegades : RHP Josh McMahan
|
|
Pitching: RHP Nelson Dawson
|
|
|
Batting: RHB Keith Hoffman
|
0-0: Ball 1-0: Called Strike 1-1: SINGLE (Groundball, 4D, EV 101.9 MPH)
|
|
Batting: LHB Miguel Bojorquez
|
0-0: Called Strike 0-1: Swinging Strike 0-2: Ball 1-2: SINGLE (Groundball, 34D, EV 102.5 MPH) Keith Hoffman to second
|
|
Pinch Hitting: SHB Sean Foley
|
0-0: Ball 1-0: Ball 2-0: Called Strike 2-1: Swinging Strike 2-2: Strikes out looking
|
|
Pinch Hitting: RHB John Welch
|
0-0: Called Strike 0-1: Foul Ball, location: 2F 0-2: Ball 1-2: Strikes out looking
|
|
Batting: RHB Mike Sebastian
|
0-0: Ball 1-0: Foul Ball, location: 2F 1-1: Foul Ball, location: 2F 1-2: Strikes out swinging
|
| Bottom of the 9th over - 0 runs, 2 hits, 0 errors, 2 left on base; Hudson Valley 4 - Connecticut 1 |
|